Vegas Golden Knights vs Colorado Rockies
Created - Monday, September 11, 2023 at 07:26
Goals
|
| Vegas Golden Knights |
1 |
1 |
0 |
2 |
| Colorado Rockies |
3 |
0 |
1 |
4 |
|
Shots
|
| Vegas Golden Knights |
20 |
12 |
5 |
37 |
| Colorado Rockies |
16 |
9 |
7 |
32 |
|
1st period
1. Vegas Golden Knights , Victor Olofsson 6 (Zach Parise 9, John Marino 5) at 2:05
2. Colorado Rockies , David Pastrnak 4 (Evgeny Kuznetsov 5, Kyle Connor 6) at 13:37
3. Colorado Rockies , David Pastrnak 5 (Kyle Connor 7, Evgeny Kuznetsov 6) at 17:34
4. Colorado Rockies , Jesper Bratt 7 (Ryan O'Reilly 11, David Pastrnak 7) at 19:22 (PP)
Penalties :
Travis Hamonic (VGK) for Hooking (Minor) at 18:39
2nd period
5. Vegas Golden Knights , Jaden Schwartz 3 (Reilly Smith 8) at 4:11
Penalties :
Victor Hedman (COL) for Charging (Minor) at 7:54, Tim Stutzle (COL) for Diving (Minor) at 12:51
3rd period
6. Colorado Rockies , Kyle Connor 4 (David Pastrnak 8, Zachary Werenski 4) at 4:14
Penalties :
Shea Theodore (COL) for Elbowing (Minor) at 17:59
Goalie Stats
Philipp Grubauer (VGK), 28 saves from 32 shots - (0.875), L, 1-3-3, 60:00 minutes
Andrei Vasilevskiy (COL), 35 saves from 37 shots - (0.946), W, 7-5-1, 60:00 minutes
Players Stats for Vegas Golden Knights
Player Name G A P +/- PIM S H SB GA TA FO MP PP MP PK MP
------------------------------------------------------------------------------------
Andrew Peeke 0 0 0 0 0 0 1 2 0 1 0/0 22:46 0:00 0:33
Anthony Cirelli 0 0 0 -2 0 2 1 0 0 0 3/10 15:33 0:00 0:24
Chris Kreider 0 0 0 0 0 0 0 1 0 0 1/2 17:23 2:45 0:00
Eric Staal 0 0 0 1 0 1 0 0 0 0 1/4 10:06 0:00 0:19
Jaden Schwartz 1 0 1 0 0 7 0 0 1 0 0/0 16:56 2:45 0:00
Joe Pavelski 0 0 0 0 0 3 0 0 0 0 2/5 17:29 2:45 0:00
John Marino 0 1 1 -2 0 3 1 1 0 1 0/0 18:47 3:06 0:33
Jordan Staal 0 0 0 0 0 1 1 0 0 0 7/14 14:11 0:00 0:19
Marc Staal 0 0 0 1 0 0 0 0 0 0 0/0 15:43 0:00 0:10
Marc-Edouard Vlasic 0 0 0 -2 0 0 0 1 0 1 0/0 15:12 0:00 0:10
Nikolaj Ehlers 0 0 0 -2 0 1 1 0 1 0 0/1 18:30 3:06 0:00
Reilly Smith 0 1 1 0 0 0 2 0 2 0 0/1 17:03 2:51 0:00
Rickard Rakell 0 0 0 -2 0 7 2 0 1 0 0/0 18:20 3:12 0:00
Sean Monahan 0 0 0 0 0 3 2 0 0 2 9/22 17:26 3:12 0:00
Travis Hamonic 0 0 0 1 2 2 1 0 0 0 0/0 15:32 0:00 0:00
Victor Olofsson 1 0 1 1 0 3 2 0 0 0 0/0 12:38 3:12 0:00
Vince Dunn 0 0 0 0 0 2 0 3 0 1 0/0 25:30 2:51 0:00
Zach Parise 0 1 1 1 0 2 2 0 0 0 0/0 10:11 0:00 0:24
Players Stats for Colorado Rockies
Player Name G A P +/- PIM S H SB GA TA FO MP PP MP PK MP
------------------------------------------------------------------------------------
David Pastrnak 2 2 4 1 0 7 1 0 1 0 0/1 15:24 0:22 0:00
Dylan Strome 0 0 0 0 0 0 0 0 0 0 5/10 13:06 0:00 0:00
Evgeny Kuznetsov 0 2 2 1 0 4 1 0 1 1 16/22 18:09 0:00 2:46
Jesper Bratt 1 0 1 0 0 5 0 0 2 1 0/0 14:36 0:22 0:48
Kevin Hayes 0 0 0 0 0 1 0 0 0 0 1/1 7:24 0:00 0:00
Kyle Connor 1 2 3 1 0 3 2 0 1 0 0/1 15:23 0:21 0:00
Kyle Palmieri 0 0 0 0 0 1 3 0 0 0 0/0 7:24 0:00 0:00
Martin Fehervary 0 0 0 1 0 1 0 2 0 1 0/0 16:53 0:00 1:06
Nick Bonino 0 0 0 0 0 0 0 1 0 0 0/0 10:55 0:00 3:11
Nick Schmaltz 0 0 0 0 0 2 1 0 0 0 2/2 13:06 0:00 0:00
Nikita Kucherov 0 0 0 0 0 1 2 1 1 0 0/2 17:28 0:21 0:00
Quinn Hughes 0 0 0 0 0 1 3 1 0 0 0/0 22:02 0:10 3:04
Roman Josi 0 0 0 0 0 0 1 2 0 0 0/0 22:31 0:33 2:53
Ryan O'Reilly 0 1 1 0 0 0 1 0 0 1 11/19 21:00 0:22 3:11
Shea Theodore 0 0 0 1 2 0 1 1 0 0 0/0 15:27 0:00 0:00
Tim Stutzle 0 0 0 0 2 2 2 0 0 0 1/1 19:46 0:21 1:58
Victor Hedman 0 0 0 0 2 4 0 0 0 0 0/0 22:18 0:33 1:47
Zachary Werenski 0 1 1 0 0 0 2 1 0 1 0/0 21:08 0:10 3:04
3 Stars
1 - David Pastrnak (COL)
2 - Kyle Connor (COL)
3 - Andrei Vasilevskiy (COL)
Power Play
Vegas Golden Knights - 0 on 3 Attempt(s) - 0.00%
Colorado Rockies - 1 on 1 Attempt(s) - 100.00%
Penalty Kill
Vegas Golden Knights - 0 on 1 Attempt(s) - 0.00%
- Score 0 goal in Penalty Kill
Colorado Rockies - 3 on 3 Attempt(s) - 100.00%
- Score 0 goal in Penalty Kill
Team Stat
Vegas Golden Knights - Hits : 16 - Faceoff Wins : 23 - Blocked Shots : 8 - Penalty Minutes : 2
Colorado Rockies - Hits : 20 - Faceoff Wins : 36 - Blocked Shots : 9 - Penalty Minutes : 6
Official
Referees : Dean Morton and Dennis LaRue
Linesman : Tim Nowak and Brian Murphy
Game Notes
No Game Note
Finance
Level 1 -- Attendance: 6000 (100.00%) -- Ticket Income $540,000
Level 2 -- Attendance: 4689 (93.78%) -- Ticket Income $257,895
Level 3 -- Attendance: 2251 (75.03%) -- Ticket Income $78,785
Level 4 -- Attendance: 3952 (79.04%) -- Ticket Income $98,800
Luxury Box -- Attendance: 1000 (100.00%) -- Ticket Income $175,000
Game was played at the Pepsi Center.
Total Attendance: 17892 (89.46%)
Total Ticket Income: $1,150,480
Other Income: $402,668
Total Income: $1,553,148
Vegas Golden Knights
5 vs 5 Forward
Center Left Wing Right Wing Time % Phy DF OF
1 Sean Monahan Chris Kreider Joe Pavelski 30 1 2 2
2 Anthony Cirelli Nikolaj Ehlers Rickard Rakell 30 1 2 2
3 Jordan Staal Jaden Schwartz Reilly Smith 25 1 2 2
4 Eric Staal Zach Parise Victor Olofsson 15 1 2 2
5 vs 5 Defense
Defense Defense Time % Phy DF OF
1 Vince Dunn Andrew Peeke 30 1 2 2
2 Marc Staal Travis Hamonic 30 1 2 2
3 Marc-Edouard Vlasic John Marino 25 1 2 2
4 Andrew Peeke Vince Dunn 15 1 2 2
PowerPlay Forward
Center Left Wing Right Wing Time % Phy DF OF
1 Joe Pavelski Chris Kreider Jaden Schwartz 50 1 2 2
2 Sean Monahan Rickard Rakell Victor Olofsson 50 1 2 2
PowerPlay Defense
Defense Defense Time % Phy DF OF
1 Reilly Smith Vince Dunn 50 1 2 2
2 Nikolaj Ehlers John Marino 50 1 2 2
Penalty Kill 4 Players Forward
Center Wing Time % Phy DF OF
1 Anthony Cirelli Zach Parise 50 1 2 2
2 Eric Staal Jordan Staal 50 1 2 2
Penalty Kill 4 Players Defense
Defense Defense Time % Phy DF OF
1 Andrew Peeke Travis Hamonic 50 1 2 2
2 Marc-Edouard Vlasic Marc Staal 50 1 2 2
Penalty Kill - 3 Players Forward
Forward Time % Phy DF OF
1 Zach Parise 50 1 2 2
2 Jordan Staal 50 1 2 2
Penalty Kill - 3 Players Defense
Defense Defense Time % Phy DF OF
1 Andrew Peeke Travis Hamonic 50 1 2 2
2 Eric Staal Marc Staal 50 1 2 2
4 vs 4 Forward
Center Wing Time % Phy DF OF
1 Joe Pavelski Chris Kreider 50 1 2 2
2 Sean Monahan Reilly Smith 50 1 2 2
4 vs 4 Defense
Defense Defense Time % Phy DF OF
1 Andrew Peeke Travis Hamonic 50 1 2 2
2 Vince Dunn John Marino 50 1 2 2
Last Minutes Offensive
Center Left Wing Right Wing Defense Defense
Joe Pavelski Chris Kreider Nikolaj Ehlers Vince Dunn John Marino
Last Minutes Defensive
Center Left Wing Right Wing Defense Defense
Anthony Cirelli Zach Parise Eric Staal Marc Staal Andrew Peeke
Goaltenders
Starting : Philipp Grubauer
Backup : Alexandar Georgiev
Extra Forwards
Normal : Reilly Smith, Joe Pavelski, Chris Kreider - PP : Victor Olofsson, Anthony Cirelli - PK : Reilly Smith
Extra Defensemen
Normal : Marc Staal, Andrew Peeke, Vince Dunn - PP : Travis Hamonic - PK : John Marino, Andrew Peeke
Penalty Shots
Rickard Rakell, Anthony Cirelli, Victor Olofsson, Zach Parise, Joe Pavelski
Colorado Rockies
5 vs 5 Forward
Center Left Wing Right Wing Time % Phy DF OF
1 Ryan O'Reilly Tim Stutzle Nikita Kucherov 33 1 2 2
2 Evgeny Kuznetsov Kyle Connor David Pastrnak 30 1 2 2
3 Dylan Strome Jesper Bratt Nick Schmaltz 25 1 2 2
4 Nick Bonino Kevin Hayes Kyle Palmieri 12 1 2 2
5 vs 5 Defense
Defense Defense Time % Phy DF OF
1 Victor Hedman Quinn Hughes 35 1 2 2
2 Roman Josi Zachary Werenski 33 1 2 2
3 Shea Theodore Martin Fehervary 27 1 2 2
4 Victor Hedman Roman Josi 5 1 2 2
PowerPlay Forward
Center Left Wing Right Wing Time % Phy DF OF
1 Tim Stutzle Kyle Connor Nikita Kucherov 50 1 2 2
2 Ryan O'Reilly Jesper Bratt David Pastrnak 50 1 2 2
PowerPlay Defense
Defense Defense Time % Phy DF OF
1 Victor Hedman Roman Josi 50 1 2 2
2 Quinn Hughes Zachary Werenski 50 1 2 2
Penalty Kill 4 Players Forward
Center Wing Time % Phy DF OF
1 Ryan O'Reilly Nick Bonino 50 1 2 2
2 Evgeny Kuznetsov Tim Stutzle 50 1 2 2
Penalty Kill 4 Players Defense
Defense Defense Time % Phy DF OF
1 Victor Hedman Roman Josi 50 1 2 2
2 Quinn Hughes Zachary Werenski 50 1 2 2
Penalty Kill - 3 Players Forward
Forward Time % Phy DF OF
1 Ryan O'Reilly 50 1 2 2
2 Nick Bonino 50 1 2 2
Penalty Kill - 3 Players Defense
Defense Defense Time % Phy DF OF
1 Victor Hedman Roman Josi 50 1 2 2
2 Quinn Hughes Zachary Werenski 50 1 2 2
4 vs 4 Forward
Center Wing Time % Phy DF OF
1 Tim Stutzle Nikita Kucherov 50 1 2 2
2 Ryan O'Reilly David Pastrnak 50 1 2 2
4 vs 4 Defense
Defense Defense Time % Phy DF OF
1 Victor Hedman Roman Josi 50 1 2 2
2 Quinn Hughes Zachary Werenski 50 1 2 2
Last Minutes Offensive
Center Left Wing Right Wing Defense Defense
Tim Stutzle Kyle Connor Nikita Kucherov Victor Hedman Roman Josi
Last Minutes Defensive
Center Left Wing Right Wing Defense Defense
Tim Stutzle Kyle Connor Nikita Kucherov Victor Hedman Roman Josi
Goaltenders
Starting : Andrei Vasilevskiy
Backup : Ilya Samsonov
Extra Forwards
Normal : Nick Bonino, Ryan O'Reilly, Evgeny Kuznetsov - PP : Nick Bonino, Ryan O'Reilly - PK : Evgeny Kuznetsov
Extra Defensemen
Normal : Shea Theodore, Martin Fehervary, Quinn Hughes - PP : Shea Theodore - PK : Martin Fehervary, Quinn Hughes
Penalty Shots
Tim Stutzle, Nikita Kucherov, David Pastrnak, Kyle Connor, Jesper Bratt
% Time on Ice - Vegas Golden Knights
Lines # - Real PCT - Wanted PCT - Time Play
Normal Forward
1 - 27% - 30% - 14:33
2 - 28% - 30% - 15:08
3 - 26% - 25% - 13:52
4 - 18% - 15% - 9:47
Normal Defense
1 - 29% - 30% - 15:38
2 - 29% - 30% - 15:39
3 - 28% - 25% - 15:02
4 - 13% - 15% - 7:01
PP Forward
1 - 46% - 50% - 2:45
2 - 54% - 50% - 3:12
PP Defense
1 - 48% - 50% - 2:51
2 - 52% - 50% - 3:06
PK Forward
1 - 56% - 50% - 0:24
2 - 44% - 50% - 0:19
PK Defense
1 - 77% - 50% - 0:33
2 - 23% - 50% - 0:10
PK3 Forward
1 - 0% - 50%
2 - 0% - 50%
PK3 Defense
1 - 0% - 50%
2 - 0% - 50%
44 Forward
1 - 0% - 50%
2 - 0% - 50%
44 Defense
1 - 0% - 50%
2 - 0% - 50%
Last Minute Offensive - 0:00
Last Minute Defensive - 0:00
Total
Forward - 60:00
Defense - 60:00
|
% Time on Ice - Colorado Rockies
Lines # - Real PCT - Wanted PCT - Time Play
Normal Forward
1 - 33% - 33% - 17:27
2 - 29% - 30% - 15:23
3 - 25% - 25% - 13:06
4 - 14% - 12% - 7:24
Normal Defense
1 - 35% - 35% - 18:47
2 - 34% - 33% - 17:54
3 - 29% - 27% - 15:27
4 - 2% - 5% - 1:12
PP Forward
1 - 49% - 50% - 0:21
2 - 51% - 50% - 0:22
PP Defense
1 - 77% - 50% - 0:33
2 - 23% - 50% - 0:10
PK Forward
1 - 54% - 50% - 3:11
2 - 46% - 50% - 2:46
PK Defense
1 - 48% - 50% - 2:53
2 - 52% - 50% - 3:04
PK3 Forward
1 - 0% - 50%
2 - 0% - 50%
PK3 Defense
1 - 0% - 50%
2 - 0% - 50%
44 Forward
1 - 0% - 50%
2 - 0% - 50%
44 Defense
1 - 0% - 50%
2 - 0% - 50%
Last Minute Offensive - 0:00
Last Minute Defensive - 0:00
Total
Forward - 60:00
Defense - 60:00
|
Play-by-Play
1st period
0:01 of 1st period - Ryan O'Reilly wins face-off versus Sean Monahan in neutral zone.
0:06 of 1st period - Snap shot by Tim Stutzle.
0:06 of 1st period - Stopped by Philipp Grubauer without a rebound.
0:07 of 1st period - Sean Monahan wins face-off versus Ryan O'Reilly in Vegas Golden Knights zone.
0:32 of 1st period - Wrist shot by Nikita Kucherov.
0:32 of 1st period - Shot Misses the Net.
0:58 of 1st period - Wrist shot by Tim Stutzle.
0:58 of 1st period - Stopped by Philipp Grubauer without a rebound.
0:59 of 1st period - Evgeny Kuznetsov wins face-off versus Anthony Cirelli in Vegas Golden Knights zone.
1:28 of 1st period - Snap shot by Jaden Schwartz.
1:28 of 1st period - Shot Blocked by Roman Josi.
1:30 of 1st period - Slapshot by Travis Hamonic.
1:30 of 1st period - Stopped by Andrei Vasilevskiy with a rebound.
1:32 of 1st period - Snap shot by Jordan Staal.
1:32 of 1st period - Stopped by Andrei Vasilevskiy without a rebound.
1:33 of 1st period - Kevin Hayes wins face-off versus Eric Staal in Colorado Rockies zone.
1:42 of 1st period - Slapshot by Kyle Palmieri.
1:42 of 1st period - Stopped by Philipp Grubauer with a rebound.
1:44 of 1st period - Snap shot by Martin Fehervary.
1:44 of 1st period - Stopped by Philipp Grubauer with a rebound.
2:05 of 1st period - Snap shot by Victor Olofsson.
2:05 of 1st period - Goal by Victor Olofsson - Vegas Golden Knights : 1 - Colorado Rockies : 0.
2:06 of 1st period - Jordan Staal wins face-off versus Dylan Strome in neutral zone.
2:08 of 1st period - Off-side.
2:09 of 1st period - Dylan Strome wins face-off versus Jordan Staal in neutral zone.
3:21 of 1st period - Wrist shot by Rickard Rakell.
3:21 of 1st period - Shot Misses the Net.
3:23 of 1st period - Slapshot by Anthony Cirelli.
3:23 of 1st period - Stopped by Andrei Vasilevskiy without a rebound.
3:24 of 1st period - Jordan Staal wins face-off versus Kyle Connor in Colorado Rockies zone.
3:31 of 1st period - Slapshot by Jaden Schwartz.
3:31 of 1st period - Stopped by Andrei Vasilevskiy with a rebound.
4:16 of 1st period - Snap shot by Victor Olofsson.
4:16 of 1st period - Shot Hit the Post.
4:18 of 1st period - Slapshot by Travis Hamonic.
4:18 of 1st period - Shot Misses the Net.
4:20 of 1st period - Slapshot by Marc Staal.
4:20 of 1st period - Shot Blocked by Shea Theodore.
4:22 of 1st period - Slapshot by Zach Parise.
4:22 of 1st period - Shot Blocked by Martin Fehervary.
4:24 of 1st period - Slapshot by Marc Staal.
4:24 of 1st period - Deflect By Zach Parise.
4:24 of 1st period - Stopped by Andrei Vasilevskiy without a rebound.
4:25 of 1st period - Nick Schmaltz wins face-off versus Anthony Cirelli in Colorado Rockies zone.
4:32 of 1st period - Snap shot by Nick Schmaltz.
4:32 of 1st period - Stopped by Philipp Grubauer without a rebound.
4:33 of 1st period - Nick Schmaltz wins face-off versus Anthony Cirelli in Vegas Golden Knights zone.
4:42 of 1st period - Slapshot by Nick Schmaltz.
4:42 of 1st period - Shot Misses the Net.
5:10 of 1st period - Snap shot by Jesper Bratt.
5:10 of 1st period - Stopped by Philipp Grubauer with a rebound.
5:12 of 1st period - Slapshot by Roman Josi.
5:12 of 1st period - Deflect By Dylan Strome.
5:12 of 1st period - Shot Blocked by Marc-Edouard Vlasic.
5:12 of 1st period - Puck is out of play.
5:13 of 1st period - Evgeny Kuznetsov wins face-off versus Sean Monahan in Vegas Golden Knights zone.
6:05 of 1st period - Slapshot by Zach Parise.
6:05 of 1st period - Shot Blocked by Nick Bonino.
6:24 of 1st period - Shea Theodore is hit by Nikolaj Ehlers and loses puck.
7:02 of 1st period - Snap shot by Nikolaj Ehlers.
7:02 of 1st period - Deflect By Rickard Rakell.
7:02 of 1st period - Stopped by Andrei Vasilevskiy with a rebound.
7:04 of 1st period - Snap shot by Rickard Rakell.
7:04 of 1st period - Stopped by Andrei Vasilevskiy with a rebound.
7:06 of 1st period - Snap shot by Vince Dunn.
7:06 of 1st period - Stopped by Andrei Vasilevskiy with a rebound.
7:20 of 1st period - Martin Fehervary is hit by Anthony Cirelli and loses puck.
8:23 of 1st period - Snap shot by Anthony Cirelli.
8:23 of 1st period - Stopped by Andrei Vasilevskiy with a rebound.
8:25 of 1st period - Slapshot by Travis Hamonic.
8:25 of 1st period - Stopped by Andrei Vasilevskiy without a rebound.
8:26 of 1st period - Evgeny Kuznetsov wins face-off versus Sean Monahan in Colorado Rockies zone.
8:31 of 1st period - Snap shot by David Pastrnak.
8:31 of 1st period - Stopped by Philipp Grubauer without a rebound.
8:32 of 1st period - Evgeny Kuznetsov wins face-off versus Sean Monahan in Vegas Golden Knights zone.
8:43 of 1st period - Snap shot by Joe Pavelski.
8:43 of 1st period - Stopped by Andrei Vasilevskiy without a rebound.
8:44 of 1st period - Jordan Staal wins face-off versus Evgeny Kuznetsov in Colorado Rockies zone.
8:55 of 1st period - Slapshot by Jaden Schwartz.
8:55 of 1st period - Shot Misses the Net.
8:57 of 1st period - Slapshot by Vince Dunn.
8:57 of 1st period - Deflect By Jaden Schwartz.
8:57 of 1st period - Stopped by Andrei Vasilevskiy with a rebound.
9:20 of 1st period - Nick Schmaltz is hit by Andrew Peeke.
9:30 of 1st period - Zach Parise is hit by Kyle Palmieri and loses puck.
9:37 of 1st period - Wrist shot by Kevin Hayes.
9:37 of 1st period - Stopped by Philipp Grubauer without a rebound.
9:38 of 1st period - Jordan Staal wins face-off versus Evgeny Kuznetsov in Vegas Golden Knights zone.
10:04 of 1st period - Marc-Edouard Vlasic is hit by Quinn Hughes and loses puck.
10:27 of 1st period - Snap shot by Victor Olofsson.
10:27 of 1st period - Stopped by Andrei Vasilevskiy with a rebound.
10:31 of 1st period - Backhand shot by Eric Staal.
10:31 of 1st period - Stopped by Andrei Vasilevskiy with a rebound.
10:33 of 1st period - Wrist shot by Zach Parise.
10:33 of 1st period - Stopped by Andrei Vasilevskiy with a rebound.
10:35 of 1st period - Wrist shot by Zach Parise.
10:35 of 1st period - Deflect By Victor Olofsson.
10:35 of 1st period - Shot Misses the Net.
10:35 of 1st period - Puck is out of play.
10:36 of 1st period - Evgeny Kuznetsov wins face-off versus Jordan Staal in Colorado Rockies zone.
10:43 of 1st period - Snap shot by David Pastrnak.
10:43 of 1st period - Stopped by Philipp Grubauer with a rebound.
10:49 of 1st period - Reilly Smith is hit by David Pastrnak and loses puck.
11:14 of 1st period - Snap shot by Kyle Palmieri.
11:14 of 1st period - Shot Misses the Net.
12:52 of 1st period - Eric Staal is hit by Tim Stutzle and loses puck.
13:17 of 1st period - Snap shot by Kyle Connor.
13:17 of 1st period - Shot Misses the Net.
13:19 of 1st period - Slapshot by Victor Hedman.
13:19 of 1st period - Stopped by Philipp Grubauer without a rebound.
13:20 of 1st period - Evgeny Kuznetsov wins face-off versus Nikolaj Ehlers in Vegas Golden Knights zone.
13:31 of 1st period - Wrist shot by Kyle Connor.
13:31 of 1st period - Shot Blocked by John Marino.
13:37 of 1st period - Wrist shot by David Pastrnak.
13:37 of 1st period - Goal by David Pastrnak - Vegas Golden Knights : 1 - Colorado Rockies : 1.
13:38 of 1st period - Sean Monahan wins face-off versus Ryan O'Reilly in neutral zone.
14:29 of 1st period - Victor Hedman is hit by Zach Parise and loses puck.
14:52 of 1st period - Snap shot by Nikolaj Ehlers.
14:52 of 1st period - Shot Misses the Net.
14:54 of 1st period - Slapshot by John Marino.
14:54 of 1st period - Stopped by Andrei Vasilevskiy without a rebound.
14:55 of 1st period - Ryan O'Reilly wins face-off versus Anthony Cirelli in Colorado Rockies zone.
14:55 of 1st period - Ryan O'Reilly is hit by Rickard Rakell.
15:25 of 1st period - Marc-Edouard Vlasic is hit by Kyle Palmieri and loses puck.
15:34 of 1st period - Wrist shot by Nikolaj Ehlers.
15:34 of 1st period - Stopped by Andrei Vasilevskiy without a rebound.
15:35 of 1st period - Dylan Strome wins face-off versus Sean Monahan in Colorado Rockies zone.
16:51 of 1st period - Slapshot by Kevin Hayes.
16:51 of 1st period - Shot Misses the Net.
16:53 of 1st period - Slapshot by Quinn Hughes.
16:53 of 1st period - Deflect By Vince Dunn.
16:53 of 1st period - Stopped by Philipp Grubauer with a rebound.
17:13 of 1st period - Slapshot by Dylan Strome.
17:13 of 1st period - Shot Blocked by Vince Dunn.
17:23 of 1st period - Anthony Cirelli is hit by Kyle Connor and loses puck.
17:28 of 1st period - Wrist shot by Kyle Connor.
17:28 of 1st period - Shot Blocked by Andrew Peeke.
17:30 of 1st period - Slapshot by Evgeny Kuznetsov.
17:30 of 1st period - Stopped by Philipp Grubauer with a rebound.
17:32 of 1st period - Snap shot by Kyle Connor.
17:32 of 1st period - Shot Blocked by Andrew Peeke.
17:34 of 1st period - Snap shot by David Pastrnak.
17:34 of 1st period - Goal by David Pastrnak - Vegas Golden Knights : 1 - Colorado Rockies : 2.
17:35 of 1st period - Chris Kreider wins face-off versus Ryan O'Reilly in neutral zone.
18:02 of 1st period - John Marino is hit by Nick Schmaltz and loses puck.
18:13 of 1st period - Slapshot by Jesper Bratt.
18:13 of 1st period - Stopped by Philipp Grubauer with a rebound.
18:39 of 1st period - Minor Penalty to Travis Hamonic for Hooking.
18:40 of 1st period - Tim Stutzle wins face-off versus Anthony Cirelli in Vegas Golden Knights zone.
19:12 of 1st period - Off-side.
19:13 of 1st period - Ryan O'Reilly wins face-off versus Eric Staal in neutral zone.
19:22 of 1st period - Snap shot by Jesper Bratt.
19:22 of 1st period - Goal by Jesper Bratt - Vegas Golden Knights : 1 - Colorado Rockies : 3.
19:23 of 1st period - Sean Monahan wins face-off versus Nikita Kucherov in neutral zone.
19:30 of 1st period - Snap shot by Joe Pavelski.
19:30 of 1st period - Stopped by Andrei Vasilevskiy with a rebound.
19:32 of 1st period - Slapshot by Marc-Edouard Vlasic.
19:32 of 1st period - Shot Blocked by Zachary Werenski.
19:34 of 1st period - Snap shot by Sean Monahan.
19:34 of 1st period - Shot Blocked by Nikita Kucherov.
19:36 of 1st period - Slapshot by John Marino.
19:36 of 1st period - Stopped by Andrei Vasilevskiy without a rebound.
19:37 of 1st period - Jordan Staal wins face-off versus Ryan O'Reilly in Colorado Rockies zone.
Goals for this period are 1 for Vegas Golden Knights vs 3 for Colorado Rockies.
Shots for this period are 20 for Vegas Golden Knights vs 16 for Colorado Rockies.
2nd period
0:01 of 2nd period - Sean Monahan wins face-off versus Evgeny Kuznetsov in neutral zone.
0:14 of 2nd period - Backhand shot by Sean Monahan.
0:14 of 2nd period - Stopped by Andrei Vasilevskiy with a rebound.
0:16 of 2nd period - Snap shot by Chris Kreider.
0:16 of 2nd period - Shot Blocked by Roman Josi.
1:02 of 2nd period - Nick Bonino is hit by John Marino and loses puck.
1:15 of 2nd period - Marc Staal is hit by Nikita Kucherov and loses puck.
1:40 of 2nd period - Wrist shot by David Pastrnak.
1:40 of 2nd period - Stopped by Philipp Grubauer with a rebound.
1:42 of 2nd period - Snap shot by Kyle Connor.
1:42 of 2nd period - Shot Misses the Net.
1:44 of 2nd period - Snap shot by Kyle Connor.
1:44 of 2nd period - Shot Blocked by Chris Kreider.
1:46 of 2nd period - Slapshot by Martin Fehervary.
1:46 of 2nd period - Shot Blocked by Vince Dunn.
2:16 of 2nd period - Zach Parise is hit by Kyle Palmieri and loses puck.
3:01 of 2nd period - Slapshot by Evgeny Kuznetsov.
3:01 of 2nd period - Stopped by Philipp Grubauer with a rebound.
3:21 of 2nd period - Snap shot by Jaden Schwartz.
3:21 of 2nd period - Stopped by Andrei Vasilevskiy without a rebound.
3:22 of 2nd period - Ryan O'Reilly wins face-off versus Reilly Smith in Colorado Rockies zone.
3:31 of 2nd period - Wrist shot by Tim Stutzle.
3:31 of 2nd period - Deflect By Ryan O'Reilly.
3:31 of 2nd period - Shot Misses the Net.
3:31 of 2nd period - Puck is out of play.
3:32 of 2nd period - Ryan O'Reilly wins face-off versus Sean Monahan in Vegas Golden Knights zone.
4:00 of 2nd period - Icing by Quinn Hughes.
4:01 of 2nd period - Ryan O'Reilly wins face-off versus Jordan Staal in Colorado Rockies zone.
4:06 of 2nd period - Victor Hedman is hit by Travis Hamonic and loses puck.
4:11 of 2nd period - Snap shot by Jaden Schwartz.
4:11 of 2nd period - Goal by Jaden Schwartz - Vegas Golden Knights : 2 - Colorado Rockies : 3.
4:12 of 2nd period - Dylan Strome wins face-off versus Sean Monahan in neutral zone.
4:27 of 2nd period - Snap shot by Joe Pavelski.
4:27 of 2nd period - Stopped by Andrei Vasilevskiy without a rebound.
4:28 of 2nd period - Evgeny Kuznetsov wins face-off versus Jordan Staal in Colorado Rockies zone.
5:46 of 2nd period - Off-side.
5:47 of 2nd period - Evgeny Kuznetsov wins face-off versus Sean Monahan in neutral zone.
6:39 of 2nd period - Snap shot by Jesper Bratt.
6:39 of 2nd period - Stopped by Philipp Grubauer with a rebound.
6:48 of 2nd period - Off-side.
6:49 of 2nd period - Evgeny Kuznetsov wins face-off versus Sean Monahan in neutral zone.
7:54 of 2nd period - Minor Penalty to Victor Hedman for Charging.
7:55 of 2nd period - Ryan O'Reilly wins face-off versus Joe Pavelski in Colorado Rockies zone.
9:01 of 2nd period - Slapshot by Rickard Rakell.
9:01 of 2nd period - Stopped by Andrei Vasilevskiy without a rebound.
9:02 of 2nd period - Evgeny Kuznetsov wins face-off versus Sean Monahan in Colorado Rockies zone.
9:02 of 2nd period - Evgeny Kuznetsov is hit by Victor Olofsson.
9:28 of 2nd period - Wrist shot by Sean Monahan.
9:28 of 2nd period - Shot Misses the Net.
9:30 of 2nd period - Slapshot by John Marino.
9:30 of 2nd period - Shot Blocked by Martin Fehervary.
9:32 of 2nd period - Slapshot by John Marino.
9:32 of 2nd period - Stopped by Andrei Vasilevskiy without a rebound.
9:33 of 2nd period - Joe Pavelski wins face-off versus Ryan O'Reilly in Colorado Rockies zone.
9:54 of 2nd period - Penalty to Victor Hedman is over, Victor Hedman is back on ice.
9:58 of 2nd period - Ryan O'Reilly is hit by Zach Parise and loses puck.
10:13 of 2nd period - Snap shot by Victor Hedman.
10:13 of 2nd period - Stopped by Philipp Grubauer without a rebound.
10:14 of 2nd period - Evgeny Kuznetsov wins face-off versus Jordan Staal in Vegas Golden Knights zone.
10:59 of 2nd period - Snap shot by Rickard Rakell.
10:59 of 2nd period - Stopped by Andrei Vasilevskiy without a rebound.
11:00 of 2nd period - Ryan O'Reilly wins face-off versus Anthony Cirelli in Colorado Rockies zone.
11:25 of 2nd period - Marc-Edouard Vlasic is hit by Evgeny Kuznetsov and loses puck.
11:38 of 2nd period - Snap shot by David Pastrnak.
11:38 of 2nd period - Stopped by Philipp Grubauer with a rebound.
11:56 of 2nd period - Wrist shot by Zach Parise.
11:56 of 2nd period - Shot Hit the Post.
12:02 of 2nd period - Snap shot by Victor Olofsson.
12:02 of 2nd period - Stopped by Andrei Vasilevskiy with a rebound.
12:51 of 2nd period - Minor Penalty to Tim Stutzle for Diving.
12:52 of 2nd period - Sean Monahan wins face-off versus Ryan O'Reilly in Colorado Rockies zone.
13:17 of 2nd period - Wrist shot by Chris Kreider.
13:17 of 2nd period - Deflect By Jaden Schwartz.
13:17 of 2nd period - Stopped by Andrei Vasilevskiy without a rebound.
13:18 of 2nd period - Evgeny Kuznetsov wins face-off versus Joe Pavelski in Colorado Rockies zone.
13:27 of 2nd period - Snap shot by Evgeny Kuznetsov.
13:27 of 2nd period - Stopped by Philipp Grubauer without a rebound.
13:28 of 2nd period - Evgeny Kuznetsov wins face-off versus Sean Monahan in Vegas Golden Knights zone.
13:31 of 2nd period - Snap shot by Jesper Bratt.
13:31 of 2nd period - Deflect By Sean Monahan.
13:31 of 2nd period - Stopped by Philipp Grubauer without a rebound.
13:32 of 2nd period - Sean Monahan wins face-off versus Evgeny Kuznetsov in Vegas Golden Knights zone.
13:32 of 2nd period - Sean Monahan is hit by Quinn Hughes.
14:42 of 2nd period - Slapshot by Sean Monahan.
14:42 of 2nd period - Stopped by Andrei Vasilevskiy without a rebound.
14:43 of 2nd period - Joe Pavelski wins face-off versus Evgeny Kuznetsov in Colorado Rockies zone.
14:51 of 2nd period - Penalty to Tim Stutzle is over, Tim Stutzle is back on ice.
16:33 of 2nd period - Zach Parise is hit by Quinn Hughes and loses puck.
17:27 of 2nd period - Icing by Jesper Bratt.
17:28 of 2nd period - Dylan Strome wins face-off versus Jordan Staal in Colorado Rockies zone.
17:28 of 2nd period - Dylan Strome is hit by Reilly Smith.
17:44 of 2nd period - Backhand shot by Sean Monahan.
17:44 of 2nd period - Shot Misses the Net.
17:46 of 2nd period - Wrist shot by Sean Monahan.
17:46 of 2nd period - Shot Misses the Net.
18:09 of 2nd period - Snap shot by Rickard Rakell.
18:09 of 2nd period - Stopped by Andrei Vasilevskiy without a rebound.
18:10 of 2nd period - Ryan O'Reilly wins face-off versus Eric Staal in Colorado Rockies zone.
18:37 of 2nd period - Quinn Hughes is hit by Sean Monahan and loses puck.
18:58 of 2nd period - Slapshot by Victor Hedman.
18:58 of 2nd period - Stopped by Philipp Grubauer with a rebound.
19:00 of 2nd period - Snap shot by Jesper Bratt.
19:00 of 2nd period - Shot Misses the Net.
19:02 of 2nd period - Snap shot by Victor Hedman.
19:02 of 2nd period - Deflect By Nick Schmaltz.
19:02 of 2nd period - Stopped by Philipp Grubauer without a rebound.
19:03 of 2nd period - Anthony Cirelli wins face-off versus Ryan O'Reilly in Vegas Golden Knights zone.
19:03 of 2nd period - Anthony Cirelli is hit by Nikita Kucherov.
19:13 of 2nd period - Backhand shot by Rickard Rakell.
19:13 of 2nd period - Shot Misses the Net.
19:15 of 2nd period - Wrist shot by Rickard Rakell.
19:15 of 2nd period - Deflect By Zachary Werenski.
19:15 of 2nd period - Stopped by Andrei Vasilevskiy with a rebound.
19:19 of 2nd period - Wrist shot by Rickard Rakell.
19:19 of 2nd period - Shot Misses the Net.
19:29 of 2nd period - Joe Pavelski is hit by Kyle Connor and loses puck.
Goals for this period are 1 for Vegas Golden Knights vs 0 for Colorado Rockies.
Shots for this period are 12 for Vegas Golden Knights vs 9 for Colorado Rockies.
3rd period
0:01 of 3rd period - Ryan O'Reilly wins face-off versus Sean Monahan in neutral zone.
0:36 of 3rd period - Slapshot by Rickard Rakell.
0:36 of 3rd period - Shot Misses the Net.
1:14 of 3rd period - Victor Olofsson is hit by Ryan O'Reilly and loses puck.
1:59 of 3rd period - Wrist shot by David Pastrnak.
1:59 of 3rd period - Stopped by Philipp Grubauer with a rebound.
2:19 of 3rd period - Jordan Staal is hit by Zachary Werenski and loses puck.
3:00 of 3rd period - Eric Staal is hit by Roman Josi and loses puck.
3:17 of 3rd period - Slapshot by Vince Dunn.
3:17 of 3rd period - Stopped by Andrei Vasilevskiy without a rebound.
3:18 of 3rd period - Sean Monahan wins face-off versus Dylan Strome in Colorado Rockies zone.
3:25 of 3rd period - Wrist shot by Sean Monahan.
3:25 of 3rd period - Shot Misses the Net.
4:14 of 3rd period - Wrist shot by Kyle Connor.
4:14 of 3rd period - Goal by Kyle Connor - Vegas Golden Knights : 2 - Colorado Rockies : 4.
4:15 of 3rd period - Sean Monahan wins face-off versus Nikita Kucherov in neutral zone.
4:18 of 3rd period - Wrist shot by Joe Pavelski.
4:18 of 3rd period - Shot Misses the Net.
4:20 of 3rd period - Snap shot by Sean Monahan.
4:20 of 3rd period - Shot Misses the Net.
4:34 of 3rd period - Quinn Hughes is hit by Sean Monahan and loses puck.
5:07 of 3rd period - Tim Stutzle is hit by Jordan Staal.
5:54 of 3rd period - Wrist shot by Reilly Smith.
5:54 of 3rd period - Shot Blocked by Quinn Hughes.
6:12 of 3rd period - Slapshot by Quinn Hughes.
6:12 of 3rd period - Shot Misses the Net.
6:51 of 3rd period - Off-side.
6:52 of 3rd period - Evgeny Kuznetsov wins face-off versus Anthony Cirelli in neutral zone.
7:01 of 3rd period - Snap shot by Evgeny Kuznetsov.
7:01 of 3rd period - Stopped by Philipp Grubauer without a rebound.
7:02 of 3rd period - Anthony Cirelli wins face-off versus Evgeny Kuznetsov in Vegas Golden Knights zone.
7:07 of 3rd period - Wrist shot by Rickard Rakell.
7:07 of 3rd period - Stopped by Andrei Vasilevskiy with a rebound.
7:15 of 3rd period - Wrist shot by David Pastrnak.
7:15 of 3rd period - Shot Misses the Net.
7:17 of 3rd period - Snap shot by Evgeny Kuznetsov.
7:17 of 3rd period - Shot Misses the Net.
7:19 of 3rd period - Snap shot by Evgeny Kuznetsov.
7:19 of 3rd period - Shot Blocked by Vince Dunn.
7:40 of 3rd period - Wrist shot by David Pastrnak.
7:40 of 3rd period - Shot Misses the Net.
8:06 of 3rd period - Snap shot by Kyle Connor.
8:06 of 3rd period - Stopped by Philipp Grubauer with a rebound.
8:08 of 3rd period - Slapshot by Zachary Werenski.
8:08 of 3rd period - Deflect By Evgeny Kuznetsov.
8:08 of 3rd period - Shot Misses the Net.
8:08 of 3rd period - Puck is out of play.
8:09 of 3rd period - Sean Monahan wins face-off versus Dylan Strome in Vegas Golden Knights zone.
8:16 of 3rd period - Joe Pavelski is hit by Shea Theodore.
11:32 of 3rd period - Nick Schmaltz is hit by Rickard Rakell and loses puck.
12:42 of 3rd period - Evgeny Kuznetsov is hit by Reilly Smith.
12:54 of 3rd period - Wrist shot by Jaden Schwartz.
12:54 of 3rd period - Shot Misses the Net.
13:35 of 3rd period - Joe Pavelski is hit by Tim Stutzle and loses puck.
14:01 of 3rd period - Snap shot by Kyle Connor.
14:01 of 3rd period - Stopped by Philipp Grubauer without a rebound.
14:02 of 3rd period - Eric Staal wins face-off versus David Pastrnak in Vegas Golden Knights zone.
14:09 of 3rd period - Kyle Connor is hit by Victor Olofsson and loses puck.
15:14 of 3rd period - Icing by Andrew Peeke.
15:15 of 3rd period - Anthony Cirelli wins face-off versus Ryan O'Reilly in Vegas Golden Knights zone.
15:25 of 3rd period - Off-side.
15:26 of 3rd period - Jordan Staal wins face-off versus Dylan Strome in neutral zone.
15:33 of 3rd period - Wrist shot by Jaden Schwartz.
15:33 of 3rd period - Deflect By Dylan Strome.
15:33 of 3rd period - Shot Hit the Post.
15:33 of 3rd period - Puck is out of play.
15:34 of 3rd period - Dylan Strome wins face-off versus Jordan Staal in Colorado Rockies zone.
15:39 of 3rd period - Slapshot by Victor Hedman.
15:39 of 3rd period - Stopped by Philipp Grubauer without a rebound.
15:40 of 3rd period - Jordan Staal wins face-off versus Dylan Strome in Vegas Golden Knights zone.
15:40 of 3rd period - Jordan Staal is hit by Zachary Werenski.
15:56 of 3rd period - Snap shot by Reilly Smith.
15:56 of 3rd period - Deflect By Jaden Schwartz.
15:56 of 3rd period - Stopped by Andrei Vasilevskiy with a rebound.
16:17 of 3rd period - Wrist shot by Nikita Kucherov.
16:17 of 3rd period - Stopped by Philipp Grubauer with a rebound.
17:59 of 3rd period - Minor Penalty to Shea Theodore for Elbowing.
18:00 of 3rd period - Evgeny Kuznetsov wins face-off versus Chris Kreider in Colorado Rockies zone.
18:17 of 3rd period - Snap shot by Jaden Schwartz.
18:17 of 3rd period - Stopped by Andrei Vasilevskiy without a rebound.
18:18 of 3rd period - Evgeny Kuznetsov wins face-off versus Sean Monahan in Colorado Rockies zone.
18:29 of 3rd period - Snap shot by Sean Monahan.
18:29 of 3rd period - Stopped by Andrei Vasilevskiy without a rebound.
18:30 of 3rd period - Ryan O'Reilly wins face-off versus Joe Pavelski in Colorado Rockies zone.
19:59 of 3rd period - Penalty to Shea Theodore is over, Shea Theodore is back on ice.
Goals for this period are 0 for Vegas Golden Knights vs 1 for Colorado Rockies.
Shots for this period are 5 for Vegas Golden Knights vs 7 for Colorado Rockies.
Back to the Top